 Dungeon Crawl Stone Soup version 0.31-a0-1183-gd88bbb8b4d (webtiles) character file.

Game seed: 82404234423805729

4307 qw the Skirmisher (level 10, -2/64 HPs)
             Began as a Gargoyle Hunter on Dec 11, 2023.
             Was a Believer of Okawaru.
             Slain by a red ugly thing (15 damage)
             ... on level 7 of the Dungeon.
             The game lasted 00:02:45 (5986 turns).

qw the Skirmisher (Gargoyle Hunter)                 Turns: 5986, Time: 00:02:45

Health: -2/64      AC: 15    Str: 20      XL:     10   Next: 32%
Magic:  13/13      EV: 17    Int:  8      God:    Okawaru [**....]
Gold:   190        SH:  0    Dex: 14 (16) Spells: 9/9 levels left

rFire   . . .        i - +2 shortbow
rCold   . . .        (shield currently unavailable)
rNeg    + . .        k - +0 troll leather armour
rPois   inf          h - +1 helmet
rElec   +            (no cloak)
rCorr   .            (no gloves)
SInv    .            m - +2 pair of boots
Will    .....        (no amulet)
Stlth   +            n - +5 ring of evasion
HPRegen 1.10/turn    (no ring)
MPRegen 0.13/turn

%: no passive effects
@: about to teleport
A: sickness immunity, AC +7, negative energy resistance 1, electricity
resistance, torment resistance 1, petrification resistance, deterioration 1,
strong 1
a: Renounce Religion, Heroism


You were on level 7 of the Dungeon.
You worshipped Okawaru.
Okawaru was pleased with you.
You visited 1 branch of the dungeon, and saw 7 of its levels.
You also visited: Ossuary.

You collected 377 gold pieces.
You spent 187 gold pieces at shops.


Innate Abilities, Weirdness & Mutations

You are immune to sickness and miasma.
Your stone body is resilient. (AC +7)
You are immune to poison.
You resist negative energy. (rN+)
You are resistant to electric shocks. (rElec)
You are resistant to unholy torment.
You are immune to petrification.
Your body sometimes deteriorates upon taking damage.
Your muscles are strong. (Str +4, Int/Dex -1)


   Skills:
 - Level 8.0 Fighting
 + Level 12.2 Ranged Weapons
 - Level 2.6 Armour
 - Level 3.0 Dodging
 - Level 1.1 Stealth
 - Level 4.0 Invocations


You had 9 spell levels left.
You didn't know any spells.
Your spell library was empty.

Inventory:

Hand Weapons
 f - the +5 arbalest of Raemitom {antimagic, rN+ Str+2 Int+3}
   (You acquired it on level 1 of the Dungeon)

   Str+2:     It affects your strength (+2).
   Int+3:     It affects your intelligence (+3).
   rN+:       It protects you from negative energy.
 i - a +2 shortbow (weapon)
Armour
 h - a +1 helmet (worn)
 k - a +0 troll leather armour (worn)
 m - a +2 pair of boots (worn)
Jewellery
 n - a +5 ring of evasion (left hand)
Wands
 g - a wand of polymorph (9)
Scrolls
 j - a scroll of teleportation
Potions
 a - a potion of enlightenment
 d - 5 potions of haste
 e - 3 potions of mutation
 l - a potion of might

Dungeon Overview and Level Annotations

Branches:
Dungeon (7/15)             Temple (0/1) D:6         Ossuary (visited)

Altars:
Fedhas
Makhleb
Nemelex Xobeh
Okawaru
Ru

Shops:
D:4 *

Annotations:
D:5 1 runed translucent door, qw's ghost, novice GrHu


Message History

There is a stone staircase leading up here.
5955 ||| STAIRDANCE You climb upwards.
There is a stone staircase leading down here.
Enter note:
Enter note:
Enter note: You start resting.
HP restored.
Done exploring.
What level of the Dungeon? (default 7, ? - help)
You climb downwards.
The red ugly thing misses you. The red ugly thing kicks you.
You are engulfed in flames!!
There is a stone staircase leading up here.
Enter note:
Enter note:
5982 ||| Stepping ~*~*~tactically~*~*~ (retreating).
The red ugly thing tentacle-slaps you but does no damage.
The red ugly thing completely misses you.
Enter note:
Enter note:
5983 ||| Stepping ~*~*~tactically~*~*~ (retreating).
The red ugly thing attacks as it pursues you!
The red ugly thing tentacle-slaps you!
You are engulfed in flames!!
Your body deteriorates!
You feel clumsy.
The red ugly thing attacks as it pursues you!
The red ugly thing kicks you but does no damage.
Enter note:
Enter note:
5984 ||| READING 2 scrolls of teleportation.
As you read the scroll of teleportation, it crumbles to dust.
You feel strangely unstable. The red ugly thing closely misses you.
The red ugly thing completely misses you.
5985 ||| Stepping ~*~*~tactically~*~*~ (retreating).
You shoot an arrow.
The arrow barely misses the red ugly thing.
The arrow completely misses the red ugly thing.
The red ugly thing tentacle-slaps you.
You are engulfed in flames!
You die...

...# .. # #........#.##.#
.####.. u..##.##........#....#
.....# #...#........[#.##.#
###### #.)u........#.##.# ...#
#.#.#....####[##.# .#.# #
#.#.#.##......[#.# ...# #.
#.....<#.####).#.### #### #.##
#.###....#.....#...# . ...#
#..@uu...#.......#.#
...##.#####........#.#.# .#..
#..#.#.....#.....<....# .#..
#.#.......#.......#### ...Y
#.(.....~~~~~.....# #..#
##)#.....~###~...### ...#
###..#.#....'_'.....#
..##.####...##.##.#~###~#...###
.###.......###.....~~~~~......##


You could see 2 ugly things.

Vanquished Creatures
  Jeremiah (D:6)
  2 hornets
  A troll (D:7)
  A vampire (D:6)
  A wraith (D:7)
  A yak (D:7)
  Menkaure (D:5)
  A water moccasin (D:4)
  2 black bears (D:5)
  2 hornet zombies (Ossuary)
  An ice beast (D:7)
  2 ogres
  A sky beast (D:7)
  A phantom (D:5)
  2 centaurs (D:7)
  2 kobold brigands
  Blork the orc (D:5)
  2 gnoll sergeants
  A bullfrog (D:6)
  A water moccasin zombie (Ossuary)
  A wyvern zombie (Ossuary)
  2 howler monkeys (D:7)
  5 bullfrog zombies (Ossuary)
  3 centaur zombies (Ossuary)
  A hound (D:5)
  3 jellies (D:5)
  3 orc priests
  12 mummies (Ossuary)
  3 sleepcaps
  4 iguanas
  An orc wizard (D:5)
  2 killer bee zombies (Ossuary)
  2 howler monkey zombies (Ossuary)
  Robin (D:4)
  13 gnolls
  4 adders
  2 white imps
  2 dart slugs (D:4)
  16 orcs
  7 endoplasms
  A giant cockroach (D:1)
  19 goblins
  9 hobgoblins
  9 jackals
  9 kobolds
  3 quokkas
  6 ball pythons
  2 bats (D:3)
  3 frilled lizards
  2 rats (D:1)
  A spectral kobold (D:2)
178 creatures vanquished.

Notes
Turn   | Place    | Note
-------+----------+-------------------------------------------
     0 | D:1      | qw the Gargoyle Hunter began the quest for the Orb.
     0 | D:1      | Reached XP level 1. HP: 12/12 MP: 1/1
     0 | D:1      | 0 ||| qw: Version: 0.3-a-106-g2cfff9e
     0 | D:1      | 0 ||| qw: Game counter: 2090
     0 | D:1      | 0 ||| qw: Melee chars always use a shield: true
     0 | D:1      | 0 ||| qw: God list: Okawaru
     0 | D:1      | 0 ||| qw: Allow faded altars: false
     0 | D:1      | 0 ||| qw: Do Orc after clearing Dungeon:15 true
     0 | D:1      | 0 ||| qw: Do second Lair branch before Depths: true
     0 | D:1      | 0 ||| qw: Lair rune preference: random
     0 | D:1      | 0 ||| qw: Goals: Normal, Save, Zot:1-4, Win
     0 | D:1      | 0 ||| PLANNING D:1-11
   106 | D:1      | Reached XP level 2. HP: 7/17 MP: 2/2
   571 | D:1      | 571 ||| READING scroll labelled MYUREC ISUVOFU.
   571 | D:1      | Identified a scroll of acquirement
   571 | D:1      | 571 ||| 571 ||| Offered +1 pair of gloves of stealth
   571 | D:1      | 571 ||| 571 ||| Offered manual of Unarmed Combat
   571 | D:1      | 571 ||| 571 ||| Offered +5 arbalest of Raemitom {antimagic,
                  | rN+ Str+2 Int+3}
   571 | D:1      | 571 ||| 571 ||| Offered 980 gold pieces
   571 | D:1      | 571 ||| ACQUIRING +5 arbalest of Raemitom {antimagic, rN+
                  | Str+2 Int+3}
   571 | D:1      | Acquired the +5 arbalest of Raemitom {antimagic, rN+ Str+2
                  | Int+3}
   573 | D:1      | 573 ||| SWAPPING to +5 arbalest of Raemitom {antimagic, rN+
                  | Str+2 Int+3}.
   574 | D:1      | 574 ||| DROPPING +0 shortbow.
   575 | D:1      | 575 ||| READING scroll labelled HIDUEN BUAKHUG.
   576 | D:1      | 576 ||| DRINKING 2 coppery potions.
   577 | D:1      | 577 ||| DRINKING 3 emerald potions.
   577 | D:1      | Gained mutation: You occasionally lose the ability to read
                  | scrolls when taking damage. [potion of mutation]
   577 | D:1      | Gained mutation: You have large cloven feet. [potion of
                  | mutation]
   578 | D:1      | 578 ||| DRINKING 2 potions of mutation.
   578 | D:1      | Lost mutation: You have large cloven feet. [potion of
                  | mutation]
   578 | D:1      | Lost mutation: You occasionally lose the ability to read
                  | scrolls when taking damage. [potion of mutation]
   578 | D:1      | Gained mutation: Your body sometimes deteriorates upon
                  | taking damage. [potion of mutation]
   578 | D:1      | Gained mutation: Your muscles are strong. (Str +4, Int/Dex
                  | -1) [potion of mutation]
   579 | D:1      | 579 ||| DROPPING scroll of butterflies.
   595 | D:2      | 595 ||| STAIRDANCE
   602 | D:2      | 602 ||| STAIRDANCE
   613 | D:2      | Reached XP level 3. HP: 21/21 MP: 1/3
   661 | D:2      | Found a faded altar of an unknown god.
   995 | D:2      | Reached skill level 5 in Ranged Weapons
  1292 | D:2      | 1292 ||| READING 3 scrolls labelled ESHREADGH VOANT.
  1292 | D:2      | 1292 ||| ENCHANTING +0 leather armour.
  1293 | D:2      | 1293 ||| READING scroll labelled HUEROO WEAGGUA.
  1294 | D:2      | 1294 ||| READING scroll labelled AXTUEN HUO.
  1295 | D:2      | 1295 ||| READING scroll labelled PYET MEPSIU.
  1351 | D:3      | Reached skill level 3 in Fighting
  1351 | D:3      | Reached XP level 4. HP: 28/28 MP: 1/4
  1371 | D:3      | Reached XP level 5. HP: 26/32 MP: 1/5
  1477 | D:3      | Found a sparkling altar of Nemelex Xobeh.
  1708 | D:3      | Found a blossoming altar of Fedhas.
  1797 | D:3      | 1797 ||| RETREEAATING.
  1798 | D:3      | 1798 ||| STILL RETREEAATING.
  1799 | D:3      | 1799 ||| STILL RETREEAATING.
  1800 | D:3      | 1800 ||| STILL RETREEAATING.
  1804 | D:3      | Reached skill level 6 in Ranged Weapons
  1809 | D:3      | Reached XP level 6. HP: 37/38 MP: 2/6
  1854 | D:3      | Found a burning altar of Makhleb.
  1862 | D:3      | 1862 ||| UPGRADING to +0 pair of boots.
  1867 | D:3      | 1867 ||| READING 2 scrolls of enchant armour.
  1867 | D:3      | 1867 ||| ENCHANTING +0 pair of boots.
  1868 | D:3      | 1868 ||| READING scroll of enchant armour.
  1868 | D:3      | 1868 ||| ENCHANTING +1 pair of boots.
  1869 | D:3      | 1869 ||| READING scroll labelled QYALAT PIERRA.
  1869 | D:3      | 1869 ||| IDENTIFYING yellow potion
  1870 | D:3      | 1870 ||| READING 2 scrolls labelled NEREGITAMU.
  1871 | D:3      | 1871 ||| DROPPING potion of berserk rage.
  1872 | D:3      | 1872 ||| DROPPING scroll of fear.
  1919 | D:4      | Reached skill level 1 in Armour
  2561 | D:4      | Found Udecs's General Store.
  2565 | D:4      | Reached skill level 7 in Ranged Weapons
  2572 | D:4      | 2572 ||| SHOPLISTING ring of ice (325 gold, have 275).
  2572 | D:4      | 2572 ||| BUYING scroll of teleportation (39 gold).
  2572 | D:4      | Bought a scroll of teleportation for 39 gold pieces
  2572 | D:4      | 2572 ||| BUYING scroll of teleportation (39 gold).
  2572 | D:4      | Bought a scroll of teleportation for 39 gold pieces
  2572 | D:4      | 2572 ||| BUYING wand of flame (12) (109 gold).
  2572 | D:4      | Bought a wand of flame (12) for 109 gold pieces
  2594 | D:4      | Noticed a water moccasin
  2601 | D:4      | Killed a water moccasin
  2602 | D:4      | Reached XP level 7. HP: 43/43 MP: 2/7
  2680 | D:4      | Noticed Robin
  2690 | D:4      | HP: 7/43 [Robin/+2 spear of freezing (5)]
  2691 | D:4      | 2691 ||| READING 3 scrolls of teleportation.
  2692 | D:4      | 2692 ||| DRINKING ruby potion.
  2693 | D:4      | 2693 ||| DRINKING 2 puce potions.
  2694 | D:4      | 2694 ||| DRINKING fizzy orange potion.
  2694 | D:4      | HP: 2/43 [hobgoblin[Robin] (4)]
  2695 | D:4      | 2695 ||| DRINKING silvery potion.
  3071 | D:4      | Killed Robin
  3112 | D:4      | 3112 ||| UPGRADING to +0 helmet.
  3117 | D:4      | 3117 ||| DROPPING ring of wizardry.
  3118 | D:4      | 3118 ||| DROPPING ring of flight.
  3119 | D:4      | 3119 ||| READING 2 scrolls of identify.
  3119 | D:4      | 3119 ||| IDENTIFYING gluggy clear potion
  3120 | D:4      | 3120 ||| READING scroll of identify.
  3120 | D:4      | 3120 ||| IDENTIFYING grey potion
  3121 | D:4      | 3121 ||| READING scroll labelled HASANIDODGHA.
  3122 | D:4      | 3122 ||| DROPPING potion of lignification.
  3123 | D:4      | 3123 ||| DROPPING potion of attraction.
  3124 | D:4      | 3124 ||| DROPPING potion of ambrosia.
  3168 | D:5      | Entered Level 5 of the Dungeon
  3169 | D:5      | 3169 ||| PLANNING OSSUARY
  3170 | D:5      | Reached skill level 8 in Ranged Weapons
  3171 | D:5      | 3171 ||| STAIRDANCE
  3184 | D:5      | Found a runed translucent door.
  3282 | D:5      | Found a sand-covered staircase.
  3288 | Ossuary  | Entered an ossuary
  3325 | Ossuary  | Reached XP level 8. HP: 45/49 MP: 2/8
  3352 | Ossuary  | HP: 12/49 [hornet zombie (6)]
  3353 | Ossuary  | 3353 ||| READING 4 scrolls of teleportation.
  3354 | Ossuary  | 3354 ||| DRINKING orange potion.
  3355 | Ossuary  | 3355 ||| DRINKING 2 glowing yellow potions.
  3377 | Ossuary  | Reached skill level 9 in Ranged Weapons
  3390 | Ossuary  | HP: 10/50 [hornet zombie (4)]
  3391 | Ossuary  | 3391 ||| READING 3 scrolls of teleportation.
  3392 | Ossuary  | 3392 ||| DRINKING potion of heal wounds.
  3399 | Ossuary  | Reached skill level 6 in Fighting
  3615 | Ossuary  | Reached skill level 10 in Ranged Weapons
  3699 | Ossuary  | 3699 ||| UPGRADING to +5 ring of evasion.
  3700 | Ossuary  | 3700 ||| READING 3 scrolls of identify.
  3700 | Ossuary  | 3700 ||| IDENTIFYING purple potion
  3701 | Ossuary  | 3701 ||| READING 2 scrolls of identify.
  3701 | Ossuary  | 3701 ||| IDENTIFYING scroll labelled QECOWU PURAF
  3702 | Ossuary  | 3702 ||| READING scroll of identify.
  3702 | Ossuary  | 3702 ||| IDENTIFYING scroll labelled DICUES RURPHOMN
  3703 | Ossuary  | 3703 ||| READING 2 scrolls labelled ESSOQO COPHA.
  3704 | Ossuary  | 3704 ||| READING 3 scrolls labelled LUG ZIGOHAOJ.
  3705 | Ossuary  | 3705 ||| DROPPING scroll of immolation.
  3706 | Ossuary  | 3706 ||| DROPPING scroll of vulnerability.
  3707 | Ossuary  | 3707 ||| DROPPING 2 scrolls of fog.
  3718 | D:5      | 3718 ||| PLANNING D:1-11
  3771 | D:5      | Noticed Blork the orc
  3779 | D:5      | Killed Blork the orc
  3823 | D:5      | Reached XP level 9. HP: 56/56 MP: 3/9
  3838 | D:5      | 3838 ||| RETREEAATING.
  3839 | D:5      | Noticed Menkaure
  3840 | D:5      | 3840 ||| Stepping ~*~*~tactically~*~*~ (retreating).
  3848 | D:5      | Reached skill level 3 in Dodging
  3849 | D:5      | Killed Menkaure
  3888 | D:5      | 3888 ||| READING scroll of enchant armour.
  3888 | D:5      | 3888 ||| ENCHANTING +0 helmet.
  4108 | D:5      | Noticed qw's ghost (novice GrHu)
  4299 | D:5      | Found an iron altar of Okawaru.
  4300 | D:5      | 4300 ||| PLANNING OKAWARU WORSHIP
  4300 | D:5      | 4300 ||| DROPPING ring of magical power.
  4301 | D:5      | 4301 ||| READING scroll labelled VUFUHE PUOSOSS.
  4402 | D:5      | 4402 ||| DROPPING wand of flame (12).
  4407 | D:5      | Became a worshipper of Warmaster Okawaru
  4408 | D:5      | 4408 ||| PLANNING D:1-11
  4713 | D:6      | Noticed a hornet
  4721 | D:6      | Killed a hornet
  4722 | D:6      | Reached skill level 11 in Ranged Weapons
  4815 | D:6      | Reached * piety under Okawaru
  4870 | D:6      | Found a staircase to the Ecumenical Temple.
  5109 | D:6      | Noticed Jeremiah
  5111 | D:6      | Reached skill level 1 in Invocations
  5140 | D:6      | 5140 ||| FLEEEEING.
  5195 | D:6      | Killed Jeremiah
  5574 | D:7      | Found a sacrificial altar of Ru.
  5614 | D:7      | Noticed a troll
  5617 | D:7      | 5617 ||| Stepping ~*~*~tactically~*~*~ (retreating).
  5620 | D:7      | Killed a troll
  5621 | D:7      | Reached skill level 3 in Invocations
  5621 | D:7      | Reached XP level 10. HP: 63/64 MP: 4/12
  5626 | D:7      | Reached ** piety under Okawaru
  5658 | D:7      | 5658 ||| SWAPPING to +0 shortbow.
  5668 | D:7      | 5668 ||| FLEEEEING.
  5677 | D:7      | 5677 ||| FLEEEEING.
  5678 | D:7      | 5678 ||| FLEEEEING.
  5681 | D:7      | 5681 ||| STAIRDANCE
  5729 | D:6      | 5729 ||| READING 2 scrolls of enchant weapon.
  5729 | D:6      | 5729 ||| ENCHANTING +0 shortbow.
  5730 | D:6      | 5730 ||| READING scroll of enchant weapon.
  5730 | D:6      | 5730 ||| ENCHANTING +1 shortbow.
  5731 | D:6      | 5731 ||| UPGRADING to +0 troll leather armour.
  5741 | D:6      | 5741 ||| DROPPING +1 leather armour.
  5806 | D:7      | Reached skill level 12 in Ranged Weapons
  5938 | D:7      | Noticed a red ugly thing
  5940 | D:7      | Noticed a red ugly thing
  5941 | D:7      | 5941 ||| RETREEAATING.
  5943 | D:7      | 5943 ||| STILL RETREEAATING.
  5945 | D:7      | 5945 ||| Stepping ~*~*~tactically~*~*~ (retreating).
  5949 | D:7      | HP: 4/64 [white ugly thing (31)]
  5950 | D:7      | 5950 ||| READING 3 scrolls of teleportation.
  5951 | D:7      | 5951 ||| DRINKING potion of heal wounds.
  5954 | D:7      | 5954 ||| FLEEEEING.
  5955 | D:7      | 5955 ||| STAIRDANCE
  5982 | D:7      | 5982 ||| Stepping ~*~*~tactically~*~*~ (retreating).
  5983 | D:7      | 5983 ||| Stepping ~*~*~tactically~*~*~ (retreating).
  5983 | D:7      | HP: 12/64 [red ugly thing (21)]
  5984 | D:7      | 5984 ||| READING 2 scrolls of teleportation.
  5985 | D:7      | 5985 ||| Stepping ~*~*~tactically~*~*~ (retreating).
  5986 | D:7      | Slain by a red ugly thing

Levels and vault maps discovered:
D:1:      dpeg_arrival_more_subterranean_lakeside_camping, layout_basic,
          minmay_octomino_j4
D:2:      layout_basic, dreamdust_ecumenical_altar_drowned_temple,
          roderic_serpentine_path
D:3:      layout_basic, lightli_temple_of_fire, mainiacjoe_overflow_swirl
D:4:      kennysheep_goblin_castle, layout_loops_corners, serial_shops,
          nicolae_square_shop
D:5:      layout_basic, hellmonk_okawaru_the_only_friend_you_need,
          hellmonk_ghost_happy_afterlife, enter_ossuary_2, kennysheep_donut,
          roderic_lattice_a, kennysheep_diamond, chequers_serial_rivers_micro_c,
          dk_noncrumbling_4, uniq_blork_the_orc, uniq_menkaure
D:6:      layout_loops_ring, minmay_temple_entry_fiery, uniq_jeremiah
D:7:      layout_basic, kennysheep_mini_moat, grunt_decor_resistance,
          minmay_the_grid_2x2 [minmay_the_grid_broken_lines,
          minmay_the_grid_outer_circle, minmay_the_grid_large_cup,
          minmay_the_grid_prize_big_room]

Skill      XL: |  1  2  3  4  5  6  7  8  9 10 |
---------------+-------------------------------+-----
Ranged Weapons | 5 6 7 8 10 11 12 | 12.2
Fighting       | 3 4 5 6 8 |  8.0
Armour         | 1 2 |  2.6
Dodging        | 2 3 |  3.0
Invocations    | 3 4 |  4.0
Stealth        | |  1.1

Action                     |  1- 3 |  4- 6 |  7- 9 | 10-12 || total
---------------------------+-------+-------+-------+-------++-------
   Fire: Shortbow          |    50 |       |       |    67 ||   117
         Arbalest          |    20 |    77 |   302 |    23 ||   422
    Use: Potion            |     3 |       |     7 |     1 ||    11
         Scroll            |     6 |     4 |    13 |     4 ||    27
 Armour: Leather armour    |    20 |    21 |   181 |    10 ||   232
         Troll leather arm |       |       |       |    23 ||    23
  Dodge: Dodged            |    20 |    34 |   167 |    52 ||   273

Table legend:
 A = Non-vault XP
 B = Vault XP
 C = Vault XP percentage of total XP
 D = Non-vault monster count
 E = Vault monster count
 F = Vault count percentage of total count
                 A         B        C        D         E       F
            +---------+---------+-------+---------+---------+-------
      Total |    3030 |    3124 |  50.8 |     109 |      69 |  38.8
            +---------+---------+-------+---------+---------+-------
        D:1 |      23 |       7 |  23.3 |      14 |       4 |  22.2
        D:2 |      11 |       1 |   8.3 |       8 |       1 |  11.1
        D:3 |     297 |       0 |   0.0 |      29 |       0 |   0.0
        D:4 |     423 |      52 |  10.9 |      15 |      21 |  58.3
        D:5 |     795 |     285 |  26.4 |      18 |       5 |  21.7
        D:6 |     898 |     365 |  28.9 |      14 |       1 |   6.7
        D:7 |     583 |    1251 |  68.2 |      11 |       9 |  45.0
    Ossuary |       0 |    1163 | 100.0 |       0 |      28 | 100.0
            +---------+---------+-------+---------+---------+-------
